 Dungeon Crawl Stone Soup version 0.29-a0-668-g12ee2bf84d (webtiles) character file.

Game seed: 4093412106583057271

5415 wingedge the Zephyrmancer (level 10, 0/59 HPs)
             Began as a Tengu Air Elementalist on June 23, 2022.
             Was a Believer of Sif Muna.
             Succumbed to a killer bee's poison
             ... on level 9 of the Dungeon.
             The game lasted 00:34:22 (9723 turns).

wingedge the Zephyrmancer (Tengu Air Elementalist)  Turns: 9723, Time: 00:34:23

Health: 0/59       AC: 19    Str: 10    XL:     10   Next: 67%
Magic:  24/29      EV: 15    Int: 22    God:    Sif Muna [**....]
Gold:   116        SH:  5    Dex: 21    Spells: 11/21 levels left

rFire   x . .      SeeInvis .   a - staff of air
rCold   + . .      Faith    .   (no shield)
rNeg    . . .      Spirit   .   M - +4 ring mail of the Dice {rC+}
rPois   .          Reflect  +   A - +2 hat {Stlth+}
rElec   +          Harm     .   (no cloak)
rCorr   .          Rampage  .   n - +1 pair of gloves
Will    .....                   (boots unavailable)
Stlth   +++.......              t - amulet of reflection
HPRegen 0.19/turn               j - ring of magical power
MPRegen 0.21/turn               r - ring of the Sybil {rF- AC+4 Int+3 Dex+7}

@: lethally poisoned (0 -> -8), flying quickly and evasively, quick
A: beak, talons 3, nimble flight
a: Renounce Religion, Channel Magic


You were on level 9 of the Dungeon.
You worshipped Sif Muna.
Sif Muna was pleased with you.
You visited 2 branches of the dungeon, and saw 12 of its levels.

You collected 655 gold pieces.
You spent 539 gold pieces at shops.

Inventory:

Hand Weapons
 b - a +2 dagger of venom
 u - a +0 long sword
Armour
 e - a +0 robe
 g - a +0 leather armour
 l - a +1 ring mail of positive energy
 n - a +1 pair of gloves (worn)
 A - a +2 hat of stealth (worn)
 M - the +4 ring mail of the Dice (worn) {rC+}
   (You found it on level 10 of the Dungeon)

   rC:        It protects you from cold.
Magical Staves
 a - a staff of air (weapon)
Jewellery
 j - a ring of magical power (left hand)
 r - the ring of the Sybil (right hand) {rF- AC+4 Int+3 Dex+7}
   (You found it on level 3 of the Dungeon)

   [ring of protection]

   AC:        It affects your AC (+4).
   Int:       It affects your intelligence (+3).
   Dex:       It affects your dexterity (+7).
   rF:        It makes you vulnerable to fire.
 t - an amulet of reflection (around neck)
 K - a +6 ring of strength
Wands
 o - a wand of iceblast (9)
 B - a wand of flame (2)
 F - a wand of polymorph (14)
 G - a wand of mindburst (21)
 I - a wand of light (2)
Scrolls
 c - 3 scrolls of teleportation
 q - 3 scrolls of poison
 w - a scroll of amnesia
 x - a scroll of immolation
 y - 4 scrolls of enchant weapon
 E - 2 scrolls of identify
 J - a scroll of blinking
 N - a scroll of noise {unknown}
Potions
 d - 4 potions of mutation {unknown}
 f - 2 potions of ambrosia {unknown}
 h - 3 potions of attraction
 i - 5 potions of curing
 k - a potion of invisibility {unknown}
 m - a potion of resistance {unknown}
 p - a potion of might {unknown}
 s - 2 potions of lignification {unknown}
 v - a potion of magic
 z - 2 potions of brilliance {unknown}
 C - 3 potions of heal wounds {unknown}
 D - a potion of experience {unknown}
 H - a potion of berserk rage {unknown}
Miscellaneous
 L - a phantom mirror


   Skills:
 + Level 5.5 Fighting
 + Level 7.7 Armour
 - Level 4.0 Dodging
 + Level 2.9 Stealth
 * Level 6.3 Spellcasting
 * Level 7.6 Conjurations
 + Level 10.4 Air Magic
 + Level 2.9 Invocations
 + Level 1.1 Evocations


You had 11 spell levels left.
You knew the following spells:

 Your Spells              Type           Power      Damage    Failure   Level
a - Shock                 Conj/Air       100%       1d9       1%          1
b - Static Discharge      Conj/Air       63%        N/A       1%          2
c - Swiftness             Air            68%        N/A       1%          3
f - Airstrike             Air            34%        N/A       2%          4

Your spell library contained the following spells:

 Spells                   Type           Power      Damage    Failure   Level
 Gell's Gravitas          Tloc           7%         N/A       50%         3
 Teleport Other           Tloc           7%         N/A       50%         3
 Dispersal                Tloc           3%         N/A       100%        6


Dungeon Overview and Level Annotations

Branches:
Dungeon (11/15)            Temple (1/1) D:4
   Lair: D:8-11         Orc: D:9-12

Altars:
Cheibriados
Gozag
Hepliaklqana
Qazlal
Ru
Sif Muna
Trog
Vehumet
Xom
Yredelemnul
Zin

Shops:
D:1 *   D:5 (   D:6 (?*

Portals:
Gauntlet: D:11

Annotations:
D:1 1 runed translucent door
D:11 Urug


Innate Abilities, Weirdness & Mutations

You have a beak for a mouth.
You have claws for feet.
Your magical nature lets you fly swiftly and evasively.


Message History

The killer bee is moderately wounded.
The lightning grounds out.
The killer bee is struck by an arc of lightning!
You kill the killer bee!
Sif Muna accepts your kill.
The slime creature is struck by an arc of lightning.
The slime creature is severely wounded.
The slime creature is struck by an arc of lightning.
The slime creature is heavily wounded.
The lightning grounds out.
The slime creature is struck by an arc of lightning!
The slime creature is lightly wounded.
The slime creature is struck by an arc of lightning!
The slime creature is severely wounded.
The lightning grounds out.
You block the killer bee's attack. The slime creature misses you.
The slime creature hits you! The slime creature hits you.
The slime creature hits you but does no damage.
The slime creature closely misses you. The killer bee stings you.
You block the killer bee's attack. x2
The killer bee barely misses you. The killer bee misses you.
The killer bee stings you but does no damage.
The slime creature misses you.
The slime creature hits you but does no damage.
The slime creature hits you! x2
* * * LOW HITPOINT WARNING * * *
The slime creature misses you. The killer bee barely misses you. x2
The killer bee closely misses you.
You fly downwards.
There is a stone staircase leading up here.
Okay, then.
Blink to where?
Press: ? - help, Dir - move target
As you read the scroll of blinking, it crumbles to dust.
The killer bee misses you. The killer bee stings you!
* * * LOW HITPOINT WARNING * * *
You are lethally poisoned!
The killer bee poisons you!
You fly upwards.
You die...

######
#....#
#....#
#...y#
#...@#
........#
###.....#
........#
####....#
#....#
.....#
#######


You could see a killer bee.

Vanquished Creatures
  Pikel (D:5)
  2 unseen horrors (D:10)
  A troll (D:10)
  A wraith (D:10)
  A wyvern (D:5)
  A steam dragon (D:6)
  2 vampire mosquitoes (D:11)
  4 orc warriors
  2 black bears (D:6)
  4 ogres
  A sky beast (D:6)
  3 ice beasts
  A wolf (D:8)
  2 phantoms (D:4)
  4 centaurs
  2 kobold brigands
  3 lemures (D:5)
  2 bullfrogs (D:6)
  A necrophage (D:6)
  3 scorpions
  7 killer bees
  2 howler monkeys
  6 hounds
  4 orc priests
  A gnoll shaman (D:5)
  2 iguanas (D:6)
  Natasha (thrice) (D:4)
  4 orc wizards
  6 adders
  5 gnolls (D:5)
  A white imp (D:5)
  3 ufetubi
  3 worms
  4 dart slugs
  23 orcs
  10 ball pythons
  11 bats
  5 endoplasms
  2 giant cockroaches
  13 goblins
  8 hobgoblins
  10 kobolds
  A quokka (D:4)
  6 frilled lizards
  6 rats
187 creatures vanquished.

Notes
Turn   | Place    | Note
-------+----------+-------------------------------------------
     0 | D:1      | wingedge the Tengu Air Elementalist began the quest for the
                  | Orb.
     0 | D:1      | Reached XP level 1. HP: 10/10 MP: 4/4
     1 | D:1      | Found a runed translucent door.
    34 | D:1      | Found Xazogech's General Store.
   279 | D:1      | Reached XP level 2. HP: 15/15 MP: 3/6
   435 | D:1      | Learned a level 2 spell: Static Discharge
   614 | D:1      | Reached XP level 3. HP: 20/20 MP: 4/7
   787 | D:1      | Found a faded altar of an unknown god.
  1525 | D:2      | Found a glowing silver altar of Zin.
  1802 | D:2      | Reached skill level 1 in Fighting
  1869 | D:2      | Reached skill level 1 in Armour
  1869 | D:2      | Reached XP level 4. HP: 20/25 MP: 8/8
  2153 | D:3      | Noticed an ogre
  2158 | D:3      | Killed an ogre
  2159 | D:3      | Reached skill level 5 in Air Magic
  2159 | D:3      | Gained mutation: Your magical nature lets you fly swiftly
                  | and evasively. [Tengu growth]
  2159 | D:3      | Reached XP level 5. HP: 29/29 MP: 9/9
  2163 | D:3      | Identified the ring of the Sybil {rF- AC+4 Int+3 Dex+7}
  2218 | D:3      | Noticed an ogre
  2359 | D:3      | Killed an ogre
  2360 | D:3      | Reached XP level 6. HP: 34/35 MP: 11/11
  2655 | D:3      | Learned a level 3 spell: Swiftness
  2660 | D:3      | Learned a level 4 spell: Airstrike
  2799 | D:3      | Found a snail-covered altar of Cheibriados.
  2799 | D:3      | Found a hazy altar of Hepliaklqana.
  2997 | D:4      | Reached skill level 6 in Air Magic
  3115 | D:4      | Reached XP level 7. HP: 40/40 MP: 8/12
  3274 | D:4      | Found a staircase to the Ecumenical Temple.
  3303 | Temple   | Entered the Ecumenical Temple
  3342 | Temple   | Became a worshipper of Sif Muna the Loreminder
  3796 | D:4      | Noticed Natasha
  3799 | D:4      | Killed Natasha
  3800 | D:4      | Reached skill level 7 in Air Magic
  3901 | D:4      | Noticed Natasha
  3904 | D:4      | Killed Natasha
  4160 | D:4      | Noticed Natasha
  4166 | D:4      | Killed Natasha
  4238 | D:5      | Entered Level 5 of the Dungeon
  4404 | D:5      | Reached XP level 8. HP: 45/46 MP: 14/14
  4486 | D:5      | Found Pusezeaps's Antique Weapon Emporium.
  4599 | D:5      | Found an opulent altar of Gozag.
  4632 | D:5      | Reached skill level 5 in Armour
  4778 | D:5      | Reached * piety under Sif Muna
  4938 | D:5      | Noticed Pikel
  4949 | D:5      | Killed Pikel
  4950 | D:5      | Reached skill level 8 in Air Magic
  5067 | D:5      | Reached skill level 9 in Air Magic
  5138 | D:5      | Noticed a wyvern
  5141 | D:5      | Killed a wyvern
  5142 | D:5      | Reached XP level 9. HP: 52/52 MP: 12/16
  5941 | D:6      | Found Fisah's Weapon Emporium.
  6031 | D:6      | Reached skill level 1 in Invocations
  6140 | D:6      | Reached skill level 5 in Spellcasting
  6140 | D:6      | Reached skill level 5 in Conjurations
  6374 | D:6      | Found Ummoy's Magic Scroll Shop.
  6550 | D:6      | Found a basalt altar of Yredelemnul.
  6618 | D:6      | Found Saadao's Assorted Antiques.
  6640 | D:6      | Bought a green potion for 20 gold pieces
  6640 | D:6      | Bought a scroll labelled VIOXYECVUS for 23 gold pieces
  6640 | D:6      | Bought a clear potion for 20 gold pieces
  7271 | D:7      | Reached ** piety under Sif Muna
  8053 | D:6      | Bought a scroll of blinking for 82 gold pieces
  8053 | D:6      | Bought a scroll of blinking for 82 gold pieces
  8053 | D:6      | Bought a scroll of enchant armour for 82 gold pieces
  8053 | D:6      | Bought a scroll of enchant armour for 82 gold pieces
  8053 | D:6      | Bought 3 scrolls of identify for 66 gold pieces
  8053 | D:6      | Bought a scroll of enchant armour for 82 gold pieces
  8092 | D:8      | Reached skill level 5 in Fighting
  8092 | D:8      | Reached XP level 10. HP: 59/59 MP: 19/19
  8205 | D:8      | Reached skill level 10 in Air Magic
  8400 | D:8      | You are sucked into a shaft and drop 3 floors!
  8429 | D:11     | Noticed Urug
  8513 | D:11     | Found a gate leading to a gauntlet.
  8672 | D:10     | Entered Level 10 of the Dungeon
  8968 | D:10     | Identified the +4 ring mail of the Dice {rC+}
  9322 | D:10     | Killed an unseen horror
  9437 | D:10     | Killed an unseen horror
  9540 | D:10     | Reached skill level 1 in Evocations
  9722 | D:10     | HP: 2/59 [killer bee (7)]
  9723 | D:9      | Succumbed to a killer bee's poison

Illustrated notes

Levels and vault maps discovered:
D:1:      dpeg_arrival_caged_fury, layout_basic, serial_shops, shop_fountains,
          shapermc_ecumenical_altar_totnotflames
D:2:      layout_basic, basic_altar, minmay_pentomino_pile
D:3:      layout_rooms, gammafunk_temple_overflow_statue,
          minmay_randomly_rotated_circles
D:4:      layout_basic, minmay_temple_entry_large_hall, uniq_natasha
D:5:      layout_basic, grunt_gozag_statues, serial_shops,
          nicolae_shop_waterfront, uniq_pikel
D:6:      layout_basic, mainiacjoe_overflow_surrounded_room, serial_shops,
          nicolae_inconvenience_store, nicolae_take_the_stairs, shop_coins,
          dreamdust_princess_corridor, bh_walls_and_bars
D:7:      layout_loops_ring
D:8:      layout_rooms, erik_lair_island
D:9:      layout_rooms, good_gods_mini_temple, david_orc_2, minmay_librarian,
          uniq_grum
D:10:     layout_layer_cave, kennysheep_mini
D:11:     dragon1_lemuel, layout_basic, gauntlet_entry_generic, uniq_urug
Temple:   eino_temple_water

Skill      XL: |  1  2  3  4  5  6  7  8  9 10 |
---------------+-------------------------------+-----
Conjurations   | 2 3 4 6 7 |  7.6
Fighting       | 1 2 3 4 5 |  5.5
Armour         | 1 2 3 4 6 7 |  7.7
Air Magic      | 5 6 7 9 10 | 10.4
Spellcasting   | 3 4 5 6 |  6.3
Invocations    | 2 |  2.9
Dodging        | 3 4 |  4.0
Evocations     | 1 |  1.1
Stealth        | |  2.9

Action                   |  1- 3 |  4- 6 |  7- 9 | 10-12 || total
-------------------------+-------+-------+-------+-------++-------
Melee: Unarmed           |     5 |       |       |       ||     5
       Staff             |     1 |       |    19 |       ||    20
       Kick              |     1 |       |     4 |       ||     5
       Peck              |       |       |     3 |       ||     3
       Punch             |       |       |     1 |       ||     1
       Dagger            |       |       |     6 |       ||     6
 Cast: Shock             |    69 |    81 |   112 |     9 ||   271
       Static Discharge  |       |     2 |    22 |    25 ||    49
       Airstrike         |       |       |    50 |    22 ||    72
       Swiftness         |       |       |       |     1 ||     1
Evoke: Wand              |       |     2 |     6 |       ||     8
  Use: Scroll            |       |     2 |     9 |     2 ||    13
 Stab: Sleeping          |       |       |     1 |       ||     1
Armor: Robe              |     3 |       |     7 |       ||    10
       Ring mail         |       |       |    10 |    21 ||    31
Dodge: Dodged            |    12 |     7 |    30 |    31 ||    80
Block: Other             |       |       |     5 |    14 ||    19
       Reflection        |       |       |       |     1 ||     1

Table legend: (Time is in decaauts)
 A = Elapsed time spent in this place.
 B = Non-inter-level travel time spent in this place.
 C = Inter-level travel time spent in this place.
 D = Time resting spent in this place.
 E = Time spent auto-exploring this place.
 F = Levels seen in this place.
 G = Mean time per level.
                   A        B        C        D        E       F      G
               +--------+--------+--------+--------+--------+-----+--------+
         Total |   9313 |   9090 |    223 |   2020 |   5394 |  12 |  776.1 |
       Dungeon |   9264 |   9041 |    223 |   2020 |   5365 |  11 |  842.2 |
        Temple |     48 |     48 |      0 |      0 |     28 |   1 |   48.0 |
               +--------+--------+--------+--------+--------+-----+--------+

Top non-repeatable levels by time:
     D:1: 1427 daAuts
     D:5: 1348 daAuts
     D:6: 1304 daAuts
     D:4: 1161 daAuts
     D:7: 1115 daAuts
     D:3: 867 daAuts
    D:10: 857 daAuts
     D:2: 613 daAuts
    D:11: 386 daAuts
     D:8: 174 daAuts
  Temple: 48 daAuts
     D:9: 8 daAuts
